 Dungeon Crawl Stone Soup version 0.23-a0-307-gc3b755d (webtiles) character file.

128 namelastname112 the Skirmisher (level 4, -3/41 HPs)
             Began as a Draconian Chaos Knight on Oct 10, 2018.
             Was a Plaything of Xom.
             Slain by a wyvern (6 damage)
             ... on level 3 of the Dungeon.
             The game lasted 00:03:19 (1792 turns).

namelastname112 the Skirmisher (DrCK)               Turns: 1792, Time: 00:03:20

Health: -3/41      AC:  5    Str: 19    XL:     4   Next: 87%
Magic:  4/4        EV: 13    Int: 13    God:    Xom [..*...]
Gold:   109        SH:  0    Dex: 13    Spells: 3/3 levels left

rFire    . . .     SeeInvis .   a - +0 falchion (chaos)
rCold    + . .     Gourm    .   (no shield)
rNeg     . . .     Faith    .   (armour unavailable)
rPois    .         Spirit   .   (helmet restricted)
rElec    .         Reflect  .   (no cloak)
rCorr    .         Harm     .   (no gloves)
MR       .....                  (no boots)
Stlth    +.........             (no amulet)
HPRegen  0.13/turn              f - +2 ring of dexterity
MPRegen  0.09/turn              k - ring of protection from cold

@: mighty
A: unfitting armour, cold-blooded, AC +5
a: Renounce Religion


You were on level 3 of the Dungeon.
You worshipped Xom.
You were a toy of Xom.
You were very hungry.

You visited 1 branch of the dungeon, and saw 3 of its levels.

You collected 109 gold pieces.

Inventory:

Hand Weapons
 a - a +0 falchion of chaos (weapon)
Jewellery
 f - a +2 ring of dexterity (left hand)
 k - a ring of protection from cold (right hand)
Scrolls
 c - a scroll of teleportation {unknown}
 d - 2 scrolls of blinking {unknown}
 h - 4 scrolls of identify {unknown}
 l - 2 scrolls of remove curse {unknown}
 n - a scroll of fear {unknown}
Potions
 g - a potion of lignification {unknown}
 i - a potion of ambrosia {unknown}
 j - a potion of flight {unknown}
 m - 2 potions of haste
Comestibles
 b - 4 rations


   Skills:
 + Level 4.4 Fighting
 + Level 4.0 Long Blades
 + Level 3.3 Dodging


You had 3 spell levels left.
You didn't know any spells.
Your spell library was empty.

Dungeon Overview and Level Annotations

Branches:
Dungeon (3/15)

Altars:
Zin


Innate Abilities, Weirdness & Mutations

Your plain brown scales are hard. (AC +5)
You cannot fit into any form of body armour.
You are cold-blooded and may be slowed by cold attacks.


Message History

You hit the wyvern.
The wyvern is poisoned.
The wyvern is moderately wounded.
The wyvern barely misses you. The bat hits you but does no damage.
The wyvern bites you!
* * * LOW HITPOINT WARNING * * *
You take 14 damage, and have 12/41 hp.
MASSIVE DAMAGE!!
You are too injured to fight recklessly!
You are too injured to fight recklessly!
You are too injured to fight recklessly!
It was a potion of might.
You feel very mighty all of a sudden.
Xom thinks this is hilarious!
The bat completely misses you. The wyvern bites you!
* * * LOW HITPOINT WARNING * * *
You take 9 damage, and have 3/41 hp.
MASSIVE DAMAGE!!
You barely miss the wyvern.
The wyvern is moderately wounded.
The wyvern bites you.
You die...
Xom chuckles heartily!

#. ... . .... ##.####...
...## #.......##
......##.#......#.
............?......
###.. #..l........ #...
#..@....... ##.##
##†#b.......
##...########....#......
........................
.#...########....#.##.##
.##..†...##......[.# #
.#######.##.#####..# .#
#. .#.. .. ... .# <
?..........


You could see a wyvern and a bat.

Vanquished Creatures
  4 adders
  4 oozes
  3 dart slugs
  An orc (D:1)
  5 giant cockroaches
  4 goblins
  10 hobgoblins
  3 jackals (D:2)
  A ball python (D:3)
  10 bats
  5 frilled lizards
  11 kobolds
  7 rats
68 creatures vanquished.

Notes
Turn   | Place    | Note
-------+----------+-------------------------------------------
     0 | D:1      | namelastname112 the Draconian Chaos Knight began the quest
                  | for the Orb.
     0 | D:1      | Reached XP level 1. HP: 19/19 MP: 1/1
    26 | D:1      | XOM: harmless Fire miscast
   159 | D:1      | XOM: divination: magic mapping
   172 | D:1      | Reached XP level 2. HP: 25/26 MP: 2/2
   311 | D:1      | XOM: harmless Fire miscast
   383 | D:1      | Reached XP level 3. HP: 29/33 MP: 3/3
   648 | D:2      | XOM: harmless Summ miscast
   871 | D:2      | Reached XP level 4. HP: 40/40 MP: 4/4
   984 | D:2      | XOM: mild Conj miscast
  1135 | D:2      | Found a glowing silver altar of Zin.
  1162 | D:2      | XOM: silly message
  1294 | D:2      | XOM: mild Hex miscast
  1440 | D:2      | XOM: god gift: 3 silvery potions {god gift}
  1774 | D:3      | XOM: noise
  1775 | D:3      | XOM: mild Necr miscast
  1789 | D:3      | Noticed a wyvern
  1789 | D:3      | a worm changed into a wyvern
  1792 | D:3      | Slain by a wyvern

Vault maps used:
D:1:      giann_horns, minmay_misc_feat_secret_circle, minivault_14
D:2:      nicolae_overflow_crystal_walls, first_ration
D:3:      kennysheep_generic_room_10, uniq_jessica

Skill      XL: |  1  2  3  4 |
---------------+-------------+-----
Fighting       | 4 |  4.4
Dodging        | 3 |  3.3
Long Blades    | 4 |  4.0

Action                   |  1- 3 |  4- 6 || total
-------------------------+-------+-------++-------
Melee: Falchion          |    98 |    61 ||   159
       Tailslap          |    10 |     8 ||    18
  Use: Potion            |       |     2 ||     2
 Stab: Sleeping          |     1 |       ||     1
       Distracted        |     1 |       ||     1
  Eat: Chunk             |       |     2 ||     2
Armor: Skin              |    32 |    28 ||    60
Dodge: Dodged            |    76 |    60 ||   136
       Rpst.: Falchion   |    29 |    21 ||    50

Table legend:
 A = Non-vault XP
 B = Vault XP
 C = Vault XP percentage of total XP
 D = Non-vault monster count
 E = Vault monster count
 F = Vault count percentage of total count
                 A         B        C        D         E       F
            +---------+---------+-------+---------+---------+-------
      Total |     184 |       0 |   0.0 |      68 |       0 |   0.0
            +---------+---------+-------+---------+---------+-------
        D:1 |      57 |       0 |   0.0 |      23 |       0 |   0.0
        D:2 |      93 |       0 |   0.0 |      33 |       0 |   0.0
        D:3 |      34 |       0 |   0.0 |      12 |       0 |   0.0
            +---------+---------+-------+---------+---------+-------
